 Dungeon Sprint DCSS version 0.21-a0-88-g13b9641 (webtiles) character file.

6407 Kidiri the Fighter (level 10, 0/126 HPs)
             Began as a Demonspawn Transmuter on June 27, 2017.
             Was the Champion of Wu Jian.
             Killed from afar by Binoq the pandemonium lord (48 damage)
             ... with an iron shot
             ... in the Dungeon (Sprint V: "Ziggurat Sprint").
             The game lasted 00:14:05 (1141 turns).

Kidiri the Fighter (Demonspawn Transmuter)          Turns: 1141, Time: 00:14:06

Health: 0/126      AC: 17    Str: 22    XL:     10   Next: 66%
Magic:  19/23      EV: 16    Int: 17    God:    Wu Jian [******]
Gold:   0          SH:  0    Dex: 20    Spells: 7/27 levels left

rFire    + + .     SeeInvis .     - Unarmed
rCold    x . .     Gourm    .   (shield currently unavailable)
rNeg     . . .     Faith    .   J - +5 fire dragon scales
rPois    .         Spirit   .   (no helmet)
rElec    .         Reflect  .   S - +0 cloak {+Inv}
rCorr    .         Harm     .   (gloves currently unavailable)
MR       .....     NoTele   +   (no boots)
Stlth    ..........             (no amulet)
HPRegen  0.31/turn              y - +6 ring of dexterity
MPRegen  0.18/turn              D - +6 ring of strength

@: berserking, blade hands, silenced, very quick
A: hooves 2, blurry vision 1, demonic guardian 2, nightstalker 2
a: End Transformation, Renounce Religion, Evoke Invisibility


You were in the Dungeon.
You worshipped Wu Jian.
Wu Jian was exalted by your worship.
You were full.
You had blades for hands.
You visited 1 branch

Inventory:

Missiles
 a - 1010 arrows
Armour
 I - a +2 robe of resistance
 J - +5 fire dragon scales (worn)
 K - +5 gold dragon scales
 S - a +0 cloak of invisibility (worn)
 T - the +3 salamander hide armour {+Rage rF++}
   (You found it in the Dungeon)

   It greatly protects you from fire.
   It lets you go berserk.
Jewellery
 y - a +6 ring of dexterity (left scythe-like blade)
 z - a +6 ring of dexterity
 A - a +6 ring of intelligence
 B - a +6 ring of intelligence
 C - a +6 ring of strength
 D - a +6 ring of strength (right scythe-like blade)
 L - an uncursed ring of positive energy
 M - the ring "Hiamil" {+Fly rN+ MR+ Dex+4 Slay+3}
   (You found it in the Dungeon)

   [ring of positive energy]

   It affects your dexterity (+4).
   It affects your accuracy and damage with ranged weapons and melee attacks
   (+3).
   It protects you from negative energy.
   It affects your resistance to hostile enchantments.
   It lets you fly.
 P - the ring of Jemuz {Dex+4 Slay+3}
   (You found it in the Dungeon)

   [ring of slaying]

   It affects your dexterity (+4).
   It affects your accuracy and damage with ranged weapons and melee attacks
   (+3).
 Q - an uncursed ring of protection from fire
 R - a +3 ring of strength
 U - the ring of Dysif {rElec Dex+2 Stlth-}
   (You found it in the Dungeon)

   [ring of loudness]

   It affects your dexterity (+2).
   It insulates you from electricity.
   It makes you less stealthy.
Wands
 E - a wand of disintegration (7/24)
 F - a wand of iceblast (5/15)
 G - a wand of lightning (5/15)
 H - a wand of acid (5/15)
Scrolls
 j - 4 scrolls of blinking
 q - 4 scrolls of amnesia
 r - 3 scrolls of recharging
 s - 7 scrolls of fog
 t - 5 scrolls of identify
 u - 5 scrolls of remove curse
 v - 2 scrolls of fear
 N - a scroll of brand weapon
Potions
 e - 10 potions of curing
 f - 6 potions of heal wounds
 g - 6 potions of haste
 h - 7 potions of magic
 i - a potion of berserk rage
 k - 2 potions of brilliance
 l - 2 potions of invisibility
 m - 4 potions of resistance
 o - 6 potions of agility
 p - 5 potions of might
Books
 b - the Volume of Harmful Lightness
   (You found it in the Dungeon)

   Spells                             Type                      Level
   a - Sting                          Conjuration/Poison           1
   b - Poisonous Vapours              Poison/Air                   2
   c - Conjure Flame                  Conjuration/Fire             3
   d - Irradiate                      Conjuration/Transmutation    5
   e - Tornado                        Air                          9
 c - a book of Changes

   Spells                             Type                      Level
   a - Beastly Appendage              Transmutation                1
   b - Sticks to Snakes               Transmutation                2
   c - Spider Form                    Transmutation/Poison         3
   d - Ice Form                       Ice/Transmutation            4
   e - Blade Hands                    Transmutation                5
 n - the Incunabulum of Ash
   (You found it in the Dungeon)

   Spells                             Type                      Level
   a - Magic Dart                     Conjuration                  1
   b - Spider Form                    Transmutation/Poison         3
   c - Iskenderun's Mystic Blast      Conjuration                  4
   d - Sticky Flame                   Conjuration/Fire             4
   e - Ice Form                       Ice/Transmutation            4
   f - Petrify                        Transmutation/Earth          4
Comestibles
 d - 5 bread rations
 w - 31 fruits
 x - 4 meat rations


   Skills:
 * Level 9.7 Fighting
 * Level 8.7 Armour
 * Level 8.9 Dodging
 + Level 6.0 Stealth
 * Level 9.1 Unarmed Combat
 * Level 9.0 Spellcasting
 * Level 8.8 Transmutations
 + Level 5.3 Ice Magic
 + Level 6.0 Poison Magic
 + Level 6.2 Evocations


You had 7 spell levels left.
You knew the following spells:

 Your Spells              Type           Power        Failure   Level  Hunger
a - Beastly Appendage     Tmut           #####.       13%         1    None
b - Sticks to Snakes      Tmut           #####...     16%         2    None
c - Spider Form           Tmut/Pois      ####......   28%         3    None
d - Ice Form              Ice/Tmut       ####....     54%         4    ###....
e - Blade Hands           Tmut           #####.....   61%         5    #####..
f - Petrify               Tmut/Erth      ###.....     80%         4    ###....
g - Confusing Touch       Hex            #.....       69%         1    None


Dungeon Overview and Level Annotations

Branches:
Dungeon (1/1)

Altars:
Ashenzari
Cheibriados
Dithmenos
Elyvilon
Fedhas
Gozag
Hepliaklqana
Kikubaaqudgha
Makhleb
Nemelex Xobeh
Okawaru
Qazlal
Ru
Sif Muna
Trog
Uskayaw
Vehumet
Wu Jian
Xom
Yredelemnul
Zin
The Shining One
Beogh
Jiyva
Lugonu


Innate Abilities, Weirdness & Mutations

You have hoof-like feet.
A demonic guardian rushes to your aid.
You are significantly more attuned to the shadows.
Scrolls take you a little longer to read.


Message History

A sixfirhy comes into view.
Unknown command.
Unknown command.
Unknown command.
Unknown command.
A red film seems to cover your vision as you go berserk!
You feel yourself moving faster!
You feel mighty! The sixfirhy hits your soul eater.
The sixfirhy shocks your soul eater! Binoq hits you!! Binoq burns you.
The sixfirhy hits your soul eater. The sixfirhy shocks your soul eater!
Your soul eater hits the sixfirhy!
Your orange demon stings Binoq but does no damage.
Unknown command.
You spin and attack Binoq repeatedly.
You shred Binoq!!! Your kick misses Binoq.
Binoq is moderately wounded.
You slice Binoq!! Your kick misses Binoq.
Binoq is heavily wounded.
Binoq gestures at you. The iron shot hits you!
You die...

▓▓▓▓▓▓▓▓▓▓▓▓▓▓▓▓▓▓▓
▓...8©8...▓
▓..):..|..▓
▓..:34)X..▓...):[)..▓
▓.........▓.........▓
▓...42.4..▓.........▓
▓..3&&X...▓...).....▓
▓...3&.4..▓.........▓
▓...@3....▓.▓.....▓.▓
▓.▓.....▓.▓.........▓
▓.........▓▓▓▓▓▓▓▓▓▓▓
▓▓▓▓▓▓▓▓▓▓▓


You could see Atimioh, Binoq, Iseotsos, a balrug, an orange demon, 2 large
abominations, 2 hellwings, 2 sixfirhies, a smoke demon, a friendly soul eater
and a friendly orange demon.

Vanquished Creatures
  3 shining eyes (D)
  A wolf spider (D)
  An ugly thing (D)
  2 toenail golems (D)
  A spiny frog (D)
  A jumping spider (D)
  A raiju (D)
  A yak (D)
  2 tarantellas (D)
  A wyvern (D)
  3 redbacks (D)
  2 neqoxecs (D)
  2 water moccasins (D)
  A phantom (D)
  A porcupine (D)
  3 necrophages (D)
  A bullfrog (D)
  A small abomination (D)
  3 crimson imps (D)
  An iron imp (D)
  A river rat (D)
  An adder (D)
  2 shadow imps (D)
  An ufetubus (D)
  2 adder zombies (D)
  An adder skeleton (D)
  3 bat skeletons (D)
  A ball python (D)
  A leopard gecko skeleton (D)
  A quokka zombie (D)
46 creatures vanquished.

Vanquished Creatures (collateral kills)
  A salamander (shapeshifter) (D)
  2 toenail golems (D)
  A phantom (D)
  A necrophage (D)
  A crimson imp (D)
  A quasit (D)
  A white imp (D)
8 creatures vanquished.

Grand Total: 54 creatures vanquished

Notes
Turn   | Place    | Note
-------+----------+-------------------------------------------
     0 | D        | Kidiri the Demonspawn Transmuter began the quest for the Orb.
     0 | D        | Reached XP level 1. HP: 15/15 MP: 3/3
     0 | D        | Found a deep blue altar of Sif Muna.
     0 | D        | Found a sacrificial altar of Ru.
     0 | D        | Found a bloodstained altar of Trog.
     0 | D        | Found a stormy altar of Qazlal.
     0 | D        | Found an iron altar of Okawaru.
     0 | D        | Found a sparkling altar of Nemelex Xobeh.
     0 | D        | Found a blossoming altar of Fedhas.
     2 | D        | Found a transporter.
     2 | D        | Found an ancient bone altar of Kikubaaqudgha.
     2 | D        | Found a viscous altar of Jiyva.
     2 | D        | Found a corrupted altar of Lugonu.
     2 | D        | Found a hazy altar of Hepliaklqana.
     2 | D        | Found a burning altar of Makhleb.
     2 | D        | Found an opulent altar of Gozag.
    58 | D        | Became a worshipper of the Wu Jian Council
    70 | D        | Gained mutation: You have large cloven feet. [demonic ancestry]
    70 | D        | Reached XP level 2. HP: 24/24 MP: 4/6
    74 | D        | Learned a level 2 spell: Sticks to Snakes
   103 | D        | Entered arena 2.
   103 | D        | Found a transporter.
   134 | D        | Identified the Volume of Harmful Lightness (You found it in the Dungeon)
   134 | D        | Identified the Volume of Harmful Lightness (You found it in the Dungeon)
   223 | D        | Entered arena 3.
   223 | D        | Noticed a crimson imp
   223 | D        | Noticed a small abomination
   223 | D        | Found a transporter.
   232 | D        | Killed a small abomination
   232 | D        | Reached * piety under Wu Jian
   232 | D        | Reached skill level 1 in Stealth
   232 | D        | Reached skill level 1 in Evocations
   232 | D        | Gained mutation: You are slightly more attuned to the shadows. [demonic ancestry]
   232 | D        | Reached XP level 3. HP: 28/30 MP: 1/8
   233 | D        | Reached XP level 4. HP: 34/37 MP: 1/10
   344 | D        | Learned a level 3 spell: Spider Form
   349 | D        | Learned a level 4 spell: Ice Form
   354 | D        | Entered arena 4.
   354 | D        | Found a transporter.
   358 | D        | Reached ** piety under Wu Jian
   362 | D        | Reached XP level 5. HP: 42/43 MP: 8/11
   366 | D        | Identified the Incunabulum of Ash (You found it in the Dungeon)
   368 | D        | Identified the Incunabulum of Ash (You found it in the Dungeon)
   394 | D        | Entered arena 5.
   394 | D        | Noticed a toenail golem
   394 | D        | Noticed a toenail golem
   394 | D        | Noticed a toenail golem
   394 | D        | Noticed a toenail golem
   394 | D        | Found a transporter.
   407 | D        | Killed a toenail golem
   407 | D        | Reached *** piety under Wu Jian
   407 | D        | Reached skill level 5 in Fighting
   407 | D        | Reached skill level 5 in Dodging
   407 | D        | Reached skill level 5 in Unarmed Combat
   407 | D        | Reached skill level 5 in Spellcasting
   407 | D        | Reached skill level 5 in Transmutations
   407 | D        | Gained mutation: A weak demonic guardian rushes to your aid. [demonic ancestry]
   407 | D        | Reached XP level 6. HP: 44/52 MP: 9/14
   422 | D        | Killed a toenail golem
   422 | D        | Reached skill level 5 in Armour
   422 | D        | Gained mutation: A demonic guardian rushes to your aid. [demonic ancestry]
   422 | D        | Reached XP level 7. HP: 52/59 MP: 11/16
   423 | D        | Killed a toenail golem
   423 | D        | Gained mutation: You have hoof-like feet. [demonic ancestry]
   423 | D        | Reached XP level 8. HP: 58/65 MP: 12/17
   423 | D        | Killed a toenail golem
   423 | D        | Reached **** piety under Wu Jian
   443 | D        | Learned a level 5 spell: Blade Hands
   518 | D        | Learned a level 4 spell: Petrify
   520 | D        | Entered arena 6.
   520 | D        | Found a transporter.
   545 | D        | Got the ring "Hiamil" {+Fly rN+ MR+ Dex+4 Slay+3}
   553 | D        | Learned a level 1 spell: Confusing Touch
   585 | D        | Entered arena 7.
   587 | D        | Found a transporter.
   590 | D        | Reached ***** piety under Wu Jian
   664 | D        | Entered arena 8.
   664 | D        | Noticed a shining eye
   664 | D        | Noticed a shining eye
   665 | D        | Noticed a shining eye
   665 | D        | Noticed a salamander
   665 | D        | Noticed a red ugly thing
   666 | D        | Found a transporter.
   669 | D        | Gained mutation: You are significantly more attuned to the shadows. [demonic ancestry]
   669 | D        | Reached XP level 9. HP: 74/74 MP: 13/19
   669 | D        | Gained mutation: Scrolls take you a little longer to read. [a shining eye]
   670 | D        | Killed a red ugly thing
   670 | D        | Reached skill level 5 in Stealth
   670 | D        | Killed a salamander
   670 | D        | Reached skill level 5 in Evocations
   671 | D        | Killed a shining eye
   673 | D        | Killed a shining eye
   673 | D        | Reached skill level 5 in Poison Magic
   673 | D        | Killed a shining eye
   680 | D        | Identified the Papyrus of Sinister Rituals and Earth (You found it in the Dungeon)
   770 | D        | Entered arena 9.
   771 | D        | Noticed a jumping spider
   772 | D        | Noticed a wolf spider
   773 | D        | Found a transporter.
   776 | D        | Reached XP level 10. HP: 82/82 MP: 17/22
   776 | D        | Killed a wolf spider
   777 | D        | Reached skill level 5 in Ice Magic
   786 | D        | Got the ring of Jemuz {Dex+4 Slay+3}
   869 | D        | Entered arena 10.
   870 | D        | Noticed a spiny frog
   878 | D        | Killed a spiny frog
   880 | D        | Found a transporter.
  1017 | D        | Entered arena 11.
  1024 | D        | Found a transporter.
  1026 | D        | Reached ****** piety under Wu Jian
  1033 | D        | Identified the Compendium of Noxious Self-Knowledge (You found it in the Dungeon)
  1035 | D        | Got the ring of Dysif {rElec Dex+2 Stlth-}
  1134 | D        | Entered arena 12.
  1136 | D        | Noticed Iseotsos the pandemonium lord
  1136 | D        | Noticed a smoke demon
  1136 | D        | Noticed a balrug
  1136 | D        | Noticed Binoq the pandemonium lord
  1136 | D        | Noticed an orange demon
  1137 | D        | Noticed a sixfirhy
  1137 | D        | Noticed Atimioh the pandemonium lord
  1140 | D        | Noticed a sixfirhy
  1141 | D        | Noticed a large abomination
  1141 | D        | Killed from afar by Binoq the pandemonium lord

Vault maps used:
D:        sprint_v

Skill      XL: |  1  2  3  4  5  6  7  8  9 10 |
---------------+-------------------------------+-----
Fighting       | 3 4 5 6 7 8 9 |  9.7
Armour         | 2 3 4 5 6 7 8 |  8.7
Dodging        | 3 4 5 6 7 8 |  8.9
Unarmed Combat | 3 4 5 6 7 8 9 |  9.1
Spellcasting   | 3 4 5 6 7 8 9 |  9.0
Transmutations | 3 4 5 6 7 8 |  8.8
Stealth        | 1 2 3 4 5 6 |  6.0
Evocations     | 1 2 3 4 5 6 |  6.2
Ice Magic      | 2 3 4 5 |  5.3
Poison Magic   | 2 3 4 5 6 |  6.0

Action                   |  1- 3 |  4- 6 |  7- 9 | 10-12 || total
-------------------------+-------+-------+-------+-------++-------
Melee: Unarmed           |     9 |    42 |    39 |    35 ||   125
       Kick              |     4 |     1 |    12 |     8 ||    25
       Headbutt          |     1 |     1 |       |       ||     2
       Punch             |       |       |       |     3 ||     3
 Cast: Beastly Appendage |     3 |       |       |       ||     3
       Sticks to Snakes  |     2 |       |       |       ||     2
       Spider Form       |       |     1 |       |       ||     1
       Ice Form          |       |     1 |       |       ||     1
       Blade Hands       |       |       |     5 |     3 ||     8
       Confusing Touch   |       |       |     1 |       ||     1
Invok: Heavenly Storm    |       |       |     2 |     1 ||     3
       Serpent's Lash    |       |       |     2 |       ||     2
  Use: Potion            |     2 |     4 |       |     1 ||     7
 Stab: Sleeping          |     1 |     2 |       |       ||     3
  Eat: Fruit             |       |       |    11 |       ||    11
Armor: Robe              |     2 |     1 |     3 |       ||     6
       Skin              |       |     5 |       |       ||     5
       Fire dragon scale |       |       |       |     5 ||     5
Dodge: Dodged            |     4 |    20 |    19 |    14 ||    57
